 Dungeon Crawl Stone Soup version 0.28-a0-1510-gd0f6b136d3 (webtiles) character file.

Game seed: 13447366037340952793

8796 Crownlay the Frost Mage (level 11, -5/81 HPs)
             Began as a Gnoll Ice Elementalist on Jan 14, 2022.
             Was a High Priest of Uskayaw.
             Slain by an ice dragon (15 damage)
             ... on level 10 of the Dungeon.
             The game lasted 00:17:06 (10597 turns).

Crownlay the Frost Mage (Gnoll Ice Elementalist)   Turns: 10597, Time: 00:17:07

Health: -5/81      AC:  3    Str: 12    XL:     11   Next: 36%
Magic:  15/23      EV: 15    Int: 18    God:    Uskayaw [*****.]
Gold:   432        SH:  5    Dex: 13    Spells: 19/26 levels left

rFire   . . .      SeeInvis .   k - +5 rapier "Boicoin" {freeze, Str+4}
rCold   . . .      Faith    .   (no shield)
rNeg    . . .      Spirit   .   x - +0 robe {Will+}
rPois   +          Reflect  +   f - +0 helmet
rElec   .          Harm     .   (no cloak)
rCorr   .          Rampage  .   (no gloves)
Will    +....                   (no boots)
Stlth   ++++......              h - amulet of reflection
HPRegen 0.23/turn               o - ring of poison resistance
MPRegen 0.18/turn               (no ring)

@: no status effects
A: fangs 1, strong nose, distributed training
a: Renounce Religion, Stomp, Line Pass, Grand Finale


You were on level 10 of the Dungeon.
You worshipped Uskayaw.
Uskayaw was noncommittal.
You visited 2 branches of the dungeon, and saw 11 of its levels.
You also visited: Sewer.

You collected 432 gold pieces.

Inventory:

Hand Weapons
 k - the +5 rapier "Boicoin" (weapon) {freeze, Str+4}
   (You found it on level 2 of the Dungeon)

   It freezes those it strikes, dealing additional cold damage.
   It can also slow down cold-blooded creatures.
   Str:       It affects your strength (+4).
 y - a +2 trident of venom
Missiles
 a - 4 throwing nets
 G - 2 silver boomerangs (quivered)
Armour
 f - a +0 helmet (worn)
 x - a +0 robe of willpower (worn)
Jewellery
 h - an amulet of reflection (around neck)
 o - a ring of poison resistance (left hand)
Wands
 p - a wand of digging (11)
 D - a wand of polymorph (5)
 H - a wand of iceblast (2)
 I - a wand of acid (6)
Scrolls
 e - 3 scrolls of fog
 i - a scroll of identify
 j - 5 scrolls of teleportation
 n - 3 scrolls of enchant weapon
 q - a scroll of summoning {unknown}
 v - a scroll of amnesia {unknown}
 w - 2 scrolls of immolation {unknown}
 z - a scroll of enchant armour {unknown}
 A - a scroll of blinking {unknown}
 B - a scroll of vulnerability {unknown}
Potions
 c - 3 potions of haste
 d - 4 potions of mutation
 g - 2 potions of flight
 l - a potion of magic {unknown}
 r - a potion of cancellation {unknown}
 s - 2 potions of might
 t - a potion of brilliance {unknown}
 u - 2 potions of resistance
 C - a potion of ambrosia {unknown}
 E - 2 potions of lignification {unknown}
 F - a potion of invisibility {unknown}
 K - 2 potions of attraction {unknown}
Miscellaneous
 J - a phial of floods


   Skills:
 + Level 6.2 Fighting
 + Level 6.2 Short Blades
 + Level 6.2 Long Blades
 + Level 6.2 Axes
 + Level 6.2 Maces & Flails
 + Level 6.2 Polearms
 + Level 6.2 Staves
 + Level 6.2 Slings
 + Level 6.2 Bows
 + Level 6.2 Crossbows
 + Level 6.2 Throwing
 + Level 6.2 Armour
 + Level 7.8 Dodging
 + Level 7.6 Stealth
 + Level 6.2 Shields
 + Level 6.2 Unarmed Combat
 + Level 8.1 Spellcasting
 + Level 5.1 Conjurations
 + Level 5.1 Hexes
 + Level 5.1 Summonings
 + Level 5.1 Necromancy
 + Level 5.1 Translocations
 + Level 5.1 Transmutations
 + Level 5.1 Fire Magic
 + Level 8.9 Ice Magic
 + Level 5.1 Air Magic
 + Level 5.1 Earth Magic
 + Level 5.1 Poison Magic
 + Level 6.8 Invocations
 + Level 6.2 Evocations


You had 19 spell levels left.
You knew the following spells:

 Your Spells              Type           Power      Damage    Failure   Level
a - Freeze                Ice            100%       1d11      1%          1
b - Frozen Ramparts       Ice            78%        1d9       1%          3
c - Ozocubu's Armour      Ice            39%        N/A       1%          3

Your spell library contained the following spells:

 Spells                   Type           Power      Damage    Failure   Level
 Apportation              Tloc           50%        N/A       1%          1
 Corpse Rot               Necr/Air       50%        N/A       1%          2
 Ensorcelled Hibernation  Hex/Ice        64%        N/A       1%          2
 Passwall                 Tmut/Erth      20%        N/A       1%          2
 Poisonous Vapours        Pois/Air       50%        N/A       1%          2
 Sublimation of Blood     Necr           25%        N/A       1%          2
 Ignite Poison            Fire/Tmut/Pois 25%        N/A       3%          3
 Mephitic Cloud           Conj/Pois/Air  25%        N/A       3%          3
 Swiftness                Air            25%        N/A       3%          3
 Tukima's Dance           Hex            25%        N/A       3%          3
 Hailstorm                Conj/Ice       32%        3d8       5%          4
 Ice Form                 Ice/Tmut       32%        N/A       5%          4
 Anguish                  Hex/Necr       12%        N/A       12%         4
 Leda's Liquefaction      Hex/Erth       12%        N/A       12%         4
 Petrify                  Tmut/Erth      25%        N/A       12%         4
 Freezing Cloud           Conj/Ice/Air   15%        6-21      19%         5
 Alistair's Intoxication  Tmut/Pois      16%        N/A       32%         5
 Irradiate                Conj/Tmut      12%        3d17      32%         5
 Lee's Rapid Deconstruct  Erth           12%        3d10*     32%         5
 Simulacrum               Ice/Necr       16%        N/A       63%         6
 Statue Form              Tmut/Erth      16%        N/A       87%         6
 Enfeeble                 Hex            12%        N/A       100%        7


Dungeon Overview and Level Annotations

Branches:
Dungeon (10/15)            Temple (1/1) D:7           Sewer (visited)
   Lair: D:8-11         Orc: D:9-12

Altars:
Ashenzari
Cheibriados
Dithmenos
Elyvilon
Fedhas
Gozag
Hepliaklqana
Kikubaaqudgha
Makhleb
Nemelex Xobeh
Okawaru
Qazlal
Uskayaw
Vehumet
Xom
Yredelemnul

Annotations:
D:8 1 runed translucent door, Ibis19's ghost, novice MiBe


Innate Abilities, Weirdness & Mutations

You have very sharp teeth.
Your uncanny sense of smell can sniff out nearby items.
Your experience applies equally to all skills.


Message History

You bite the ice dragon, but do no damage.
The ice dragon is heavily wounded.
The ice dragon barely misses you. The ice dragon claws you.
The ice dragon closely misses you.
You hit the ice dragon.
The ice dragon is severely wounded.
The ice dragon bites you. The ice dragon completely misses you.
The ice dragon tramples you.
* * * LOW HITPOINT WARNING * * *
You hold your ground!
You feel much better. You block the ice dragon's attack.
The ice dragon claws you. You block the ice dragon's attack.
You hit the ice dragon but do no damage.
You punch the ice dragon.
The ice dragon is severely wounded.
You hit the ice dragon but do no damage.
You bite the ice dragon, but do no damage.
The ice dragon is severely wounded.
The ice dragon bites you. The ice dragon claws you. The ice dragon misses you.
You hit the ice dragon.
The ice dragon is severely wounded.
The ice dragon breathes frost at you. The blast of cold hits you!!
* * * LOW HITPOINT WARNING * * *
You feel better.
The ice dragon bites you but does no damage.
The ice dragon claws you but does no damage.
The ice dragon tramples you!
* * * LOW HITPOINT WARNING * * *
You stumble backwards!
Okay, then.
You feel better. The ice dragon closely misses you. The ice dragon claws you.
* * * LOW HITPOINT WARNING * * *
The ice dragon tramples you!
* * * LOW HITPOINT WARNING * * *
You stumble backwards!
You hit the ice dragon.
The ice dragon is severely wounded.
The ice dragon bites you!
You die...

# ###≈≈ ##..≈≈≈
##....S≈≈
###......≈≈
#####††.......≈
######@D...†.......≈
#......#####........
##.###### ##.......
#..# ###...S #.##
#### #.#### #....#
####.#
..#####.###########


You could see an ice dragon (catching breath).

Vanquished Creatures
  A two-headed ogre (D:9)
  Pikel (D:8)
  Prince Ribbit (D:8)
  21 yaks
  A wraith (D:6)
  Edmund (D:4)
  2 acid dragons
  3 water moccasins
  3 orc warriors
  A sky beast (D:6)
  A black bear (D:6)
  An ice beast (D:5)
  2 necrophages
  2 ogres
  4 centaurs
  4 lemures (D:8)
  4 kobold brigands
  A phantom (D:5)
  2 bullfrogs
  A gnoll sergeant (D:7)
  A scorpion (D:5)
  2 water moccasin skeletons (D:5)
  9 killer bees
  5 wights (D:7)
  2 howler monkeys
  An electric eel (D:8)
  2 centaur zombies
  3 hounds (D:4)
  A jelly (D:5)
  A bullfrog skeleton (D:6)
  2 gnoll shamans (D:8)
  7 orc priests
  3 iguanas
  8 orc wizards
  3 hound skeletons
  A howler monkey zombie (D:7)
  15 gnolls
  5 adders
  3 river rats (D:6)
  A white imp (D:7)
  An adder skeleton (D:4)
  4 dart slugs
  31 orcs
  9 ball pythons
  6 endoplasms
  8 giant cockroaches
  8 goblins
  7 hobgoblins
  4 jackals
  10 quokkas
  10 bats
  3 frilled lizards
  26 kobolds
  7 rats
266 creatures vanquished.

Vanquished Creatures (others)
  4 fungi (D:8)
  3 plants
7 creatures vanquished.

Grand Total: 273 creatures vanquished

Notes
Turn   | Place    | Note
-------+----------+-------------------------------------------
     0 | D:1      | Crownlay the Gnoll Ice Elementalist began the quest for the
                  | Orb.
     0 | D:1      | Reached XP level 1. HP: 13/13 MP: 6/6
   208 | D:1      | Found a faded altar of an unknown god.
   216 | D:1      | Reached XP level 2. HP: 19/19 MP: 5/7
   505 | D:1      | Reached XP level 3. HP: 24/25 MP: 3/9
   511 | D:1      | Learned a level 3 spell: Frozen Ramparts
   515 | D:1      | Learned a level 3 spell: Ozocubu's Armour
   579 | D:1      | Reached skill level 5 in Spellcasting
  1023 | D:2      | Reached skill level 1 in Invocations
  1287 | D:2      | Reached skill level 1 in Fighting
  1287 | D:2      | Reached skill level 1 in Short Blades
  1287 | D:2      | Reached skill level 1 in Long Blades
  1287 | D:2      | Reached skill level 1 in Axes
  1287 | D:2      | Reached skill level 1 in Maces & Flails
  1287 | D:2      | Reached skill level 1 in Polearms
  1287 | D:2      | Reached skill level 1 in Staves
  1287 | D:2      | Reached skill level 1 in Slings
  1287 | D:2      | Reached skill level 1 in Bows
  1287 | D:2      | Reached skill level 1 in Crossbows
  1287 | D:2      | Reached skill level 1 in Throwing
  1287 | D:2      | Reached skill level 1 in Armour
  1287 | D:2      | Reached skill level 1 in Shields
  1287 | D:2      | Reached skill level 1 in Unarmed Combat
  1287 | D:2      | Reached skill level 1 in Evocations
  1521 | D:2      | Identified the +5 plate armour "Heas" {Contam rC++ Str+2
                  | Dex+4}
  1538 | D:2      | Reached XP level 4. HP: 27/32 MP: 2/11
  1820 | D:2      | Identified the +5 rapier "Boicoin" {freeze, Str+4}
  2065 | D:3      | Reached skill level 1 in Conjurations
  2065 | D:3      | Reached skill level 1 in Hexes
  2065 | D:3      | Reached skill level 1 in Summonings
  2065 | D:3      | Reached skill level 1 in Necromancy
  2065 | D:3      | Reached skill level 1 in Translocations
  2065 | D:3      | Reached skill level 1 in Transmutations
  2065 | D:3      | Reached skill level 1 in Fire Magic
  2065 | D:3      | Reached skill level 1 in Air Magic
  2065 | D:3      | Reached skill level 1 in Earth Magic
  2065 | D:3      | Reached skill level 1 in Poison Magic
  2221 | D:3      | Found a basalt altar of Yredelemnul.
  2454 | D:3      | Reached XP level 5. HP: 35/37 MP: 12/12
  2727 | D:4      | Noticed a necrophage
  2736 | D:4      | Killed a necrophage
  2873 | D:4      | Reached XP level 6. HP: 44/44 MP: 6/13
  2963 | D:4      | Reached skill level 5 in Dodging
  3233 | D:4      | Reached XP level 7. HP: 50/50 MP: 9/15
  3371 | D:4      | Noticed Edmund
  3385 | D:4      | Killed Edmund
  3530 | D:5      | Entered Level 5 of the Dungeon
  3538 | D:5      | Reached skill level 5 in Stealth
  3719 | D:5      | Reached XP level 8. HP: 46/57 MP: 16/16
  4869 | D:6      | Found a glowing drain.
  4873 | Sewer    | Entered a sewer
  5511 | D:6      | Noticed a wraith
  5523 | D:6      | Killed a wraith
  5524 | D:6      | Reached XP level 9. HP: 53/65 MP: 13/18
  6063 | D:6      | Found a radiant altar of Vehumet.
  6063 | D:6      | Found a white marble altar of Elyvilon.
  6473 | D:7      | Identified the +6 rapier "Gatat" {antimagic, Fly}
  6819 | D:7      | Found a shimmering altar of Xom.
  7144 | D:7      | Found a staircase to the Ecumenical Temple.
  7156 | D:7      | Reached skill level 5 in Invocations
  7222 | Temple   | Entered the Ecumenical Temple
  7228 | Temple   | Became a worshipper of Uskayaw the Reveller
  7287 | D:7      | Reached * piety under Uskayaw
  7289 | D:7      | Reached ** piety under Uskayaw
  7291 | D:7      | Reached *** piety under Uskayaw
  7446 | D:7      | Reached **** piety under Uskayaw
  7447 | D:7      | Reached XP level 10. HP: 36/73 MP: 13/20
  7913 | D:8      | Noticed Ibis19's ghost (novice MiBe)
  7913 | D:8      | Found a runed translucent door.
  7942 | D:8      | Noticed Prince Ribbit
  7946 | D:8      | Killed Prince Ribbit
  7999 | D:8      | Noticed Pikel
  8036 | D:8      | Killed Pikel
  8037 | D:8      | Reached skill level 5 in Fighting
  8037 | D:8      | Reached skill level 5 in Short Blades
  8037 | D:8      | Reached skill level 5 in Long Blades
  8037 | D:8      | Reached skill level 5 in Axes
  8037 | D:8      | Reached skill level 5 in Maces & Flails
  8037 | D:8      | Reached skill level 5 in Polearms
  8037 | D:8      | Reached skill level 5 in Staves
  8037 | D:8      | Reached skill level 5 in Slings
  8037 | D:8      | Reached skill level 5 in Bows
  8037 | D:8      | Reached skill level 5 in Crossbows
  8037 | D:8      | Reached skill level 5 in Throwing
  8037 | D:8      | Reached skill level 5 in Armour
  8037 | D:8      | Reached skill level 5 in Shields
  8037 | D:8      | Reached skill level 5 in Unarmed Combat
  8037 | D:8      | Reached skill level 5 in Evocations
  8577 | D:8      | Reached ***** piety under Uskayaw
  9117 | D:8      | Found an iron altar of Okawaru.
  9244 | D:8      | Found a blossoming altar of Fedhas.
  9284 | D:8      | Found a stormy altar of Qazlal.
  9330 | D:8      | Reached XP level 11. HP: 81/81 MP: 22/22
  9755 | D:9      | Noticed a two-headed ogre
  9766 | D:9      | Killed a two-headed ogre
  9767 | D:9      | Reached skill level 5 in Conjurations
  9767 | D:9      | Reached skill level 5 in Hexes
  9767 | D:9      | Reached skill level 5 in Summonings
  9767 | D:9      | Reached skill level 5 in Necromancy
  9767 | D:9      | Reached skill level 5 in Translocations
  9767 | D:9      | Reached skill level 5 in Transmutations
  9767 | D:9      | Reached skill level 5 in Fire Magic
  9767 | D:9      | Reached skill level 5 in Air Magic
  9767 | D:9      | Reached skill level 5 in Earth Magic
  9767 | D:9      | Reached skill level 5 in Poison Magic
 10171 | D:9      | Found a hazy altar of Hepliaklqana.
 10261 | D:10     | Entered Level 10 of the Dungeon
 10571 | D:10     | Noticed an ice dragon
 10597 | D:10     | Slain by an ice dragon

Illustrated notes

Levels and vault maps discovered:
D:1:      roderic_chinese_lattice_arrival, layout_rooms, serial_glass,
          glass_columns_b, glass_columns_a,
          chequers_ecumenical_altar_simple_redux
D:2:      layout_basic, minmay_quadrilaterals
D:3:      layout_loops_ring, general_overflow_altar, wad_rectangle_vault
D:4:      layout_rooms, uniq_edmund
D:5:      layout_cave_pools, kennysheep_big_empty_room
D:6:      layout_loops_ring, gammafunk_temple_overflow_wave,
          gup_sewer_entry_spiral, minmay_misc_feat_enclosed, dk_noncrumbling_4,
          lightli_orcish_oven
D:7:      layout_loops_cross, xom_butterflies, temple_fountains,
          kennysheep_nondescript
D:8:      argonaut_augean_stables, layout_loops_ring,
          grunt_temple_overflow_forces_of_nature, lemuel_round_altar,
          gammafunk_ghost_grave, uniq_prince_ribbit1, uniq_pikel
D:9:      layout_rooms, lemuel_round_altar
D:10:     dragon1_lemuel, layout_irregular_city, serial_column_ruins,
          column_ruins_square_small, column_ruins_hut_pillars,
          column_ruins_grid_1, column_ruins_open_tiny_water,
          column_ruins_grid_1, column_ruins_columns_straight
Temple:   eino_narrow_crystal_temple

Skill      XL: |  1  2  3  4  5  6  7  8  9 10 11 |
---------------+----------------------------------+-----
Spellcasting   | 5 6 7 8 |  8.1
Invocations    | 1 2 3 4 5 6 |  6.8
Fighting       | 1 2 3 4 5 6 |  6.2
Short Blades   | 1 2 3 4 5 6 |  6.2
Long Blades    | 1 2 3 4 5 6 |  6.2
Axes           | 1 2 3 4 5 6 |  6.2
Maces & Flails | 1 2 3 4 5 6 |  6.2
Polearms       | 1 2 3 4 5 6 |  6.2
Staves         | 1 2 3 4 5 6 |  6.2
Slings         | 1 2 3 4 5 6 |  6.2
Bows           | 1 2 3 4 5 6 |  6.2
Crossbows      | 1 2 3 4 5 6 |  6.2
Throwing       | 1 2 3 4 5 6 |  6.2
Armour         | 1 2 3 4 5 6 |  6.2
Shields        | 1 2 3 4 5 6 |  6.2
Unarmed Combat | 1 2 3 4 5 6 |  6.2
Evocations     | 1 2 3 4 5 6 |  6.2
Conjurations   | 1 2 3 4 5 |  5.1
Hexes          | 1 2 3 4 5 |  5.1
Summonings     | 1 2 3 4 5 |  5.1
Necromancy     | 1 2 3 4 5 |  5.1
Translocations | 1 2 3 4 5 |  5.1
Transmutations | 1 2 3 4 5 |  5.1
Fire Magic     | 1 2 3 4 5 |  5.1
Air Magic      | 1 2 3 4 5 |  5.1
Earth Magic    | 1 2 3 4 5 |  5.1
Poison Magic   | 1 2 3 4 5 |  5.1
Dodging        | 5 6 7 |  7.8
Stealth        | 5 6 7 |  7.6
Ice Magic      | 8 |  8.9

Action                   |  1- 3 |  4- 6 |  7- 9 | 10-12 || total
-------------------------+-------+-------+-------+-------++-------
Melee: Unarmed           |     2 |       |       |       ||     2
       Short sword       |     4 |       |       |       ||     4
       Bite              |     1 |     7 |    24 |    17 ||    49
       Rapier            |       |    76 |   223 |   152 ||   451
       Punch             |       |     2 |     4 |    10 ||    16
Throw: Boomerang         |       |       |       |     9 ||     9
 Cast: Freeze            |    52 |    10 |    10 |       ||    72
       Frozen Ramparts   |     1 |     7 |    24 |    22 ||    54
       Ozocubu's Armour  |       |     5 |    24 |    17 ||    46
  Use: Scroll            |       |     1 |     6 |     5 ||    12
       Potion            |       |       |       |     4 ||     4
 Stab: Sleeping          |       |     4 |    10 |     3 ||    17
       Paralysed         |       |       |     1 |    12 ||    13
Armor: Robe              |     7 |    15 |    52 |    26 ||   100
Dodge: Dodged            |    37 |    67 |   146 |   106 ||   356
Block: Other             |       |       |    56 |    42 ||    98
       Reflection        |       |       |     3 |       ||     3

Table legend: (Time is in decaauts)
 A = Elapsed time spent in this place.
 B = Non-inter-level travel time spent in this place.
 C = Inter-level travel time spent in this place.
 D = Time resting spent in this place.
 E = Time spent auto-exploring this place.
 F = Levels seen in this place.
 G = Mean time per level.
                   A        B        C        D        E       F      G
               +--------+--------+--------+--------+--------+-----+--------+
         Total |  10668 |  10391 |    277 |      0 |   8609 |  12 |  889.0 |
       Dungeon |  10069 |   9798 |    271 |      0 |   8141 |  10 | 1006.9 |
        Temple |     12 |      6 |      6 |      0 |      0 |   1 |   12.0 |
         Sewer |    585 |    585 |      0 |      0 |    467 |   1 |  585.0 |
               +--------+--------+--------+--------+--------+-----+--------+

Top non-repeatable levels by time:
     D:8: 1546 daAuts
     D:7: 1525 daAuts
     D:6: 1192 daAuts
     D:5: 1141 daAuts
     D:2: 1070 daAuts
     D:3: 828 daAuts
     D:1: 827 daAuts
     D:4: 812 daAuts
     D:9: 791 daAuts
   Sewer: 585 daAuts
    D:10: 333 daAuts
  Temple: 12 daAuts
